 Dungeon Crawl Stone Soup version 0.25.1-2-g60ff931df9 (webtiles) character file.

Game seed: 17827640904011716010

746 gbos the Spear-Bearer (level 7, -3/63 HPs)
             Began as a Naga Fighter on Nov 17, 2020.
             Was an Initiate of Makhleb.
             Killed from afar by a steam dragon (14 damage)
             ... with a ball of steam
             ... on level 6 of the Dungeon.
             The game lasted 00:02:32 (5226 turns).

gbos the Spear-Bearer (Naga Fighter)                Turns: 5226, Time: 00:02:33

Health: -3/63      AC: 10    Str: 19 (20) XL:     7   Next: 77%
Magic:  7/7        EV:  3    Int:  8      God:    Makhleb [......]
Gold:   242        SH:  8    Dex:  8 (11) Spells: 6/6 levels left

rFire    . . .     SeeInvis +   Y - +1 trident
rCold    + . .     Gourm    .   c - +0 kite shield
rNeg     . . .     Faith    .   s - +0 chain mail
rPois    +         Spirit   .   j - +0 helmet
rElec    .         Reflect  .   (no cloak)
rCorr    .         Harm     .   h - +1 pair of gloves
MR       +....                  (no barding)
Stlth    ..........             (no amulet)
HPRegen  0.20/turn              n - ring of protection from cold
MPRegen  0.10/turn              t - ring of protection from magic

@: about to teleport, very slow
A: large, see invisible, deformed body, poison resistance, slowness 2, slow
metabolism 1, spit poison 1, AC +2
a: Spit Poison, Renounce Religion


You were on level 6 of the Dungeon.
You worshipped Makhleb.
Makhleb was noncommittal.
You were not hungry.

You visited 2 branches of the dungeon, and saw 7 of its levels.

You collected 242 gold pieces.


Innate Abilities, Weirdness & Mutations

You cannot wear boots.
Your serpentine skin is tough. (AC +2)
You have supernaturally acute eyesight. (SInv)
Armour fits poorly on your strangely shaped body.
Your system is resistant to poisons. (rPois)
You cover ground very slowly.
You have a slow metabolism.
You can spit poison.


   Skills:
 + Level 3.9 Fighting
 - Level 8.0 Polearms
 - Level 2.4 Armour
 - Level 1.0 Dodging
 - Level 2.4 Shields


You had 6 spell levels left.
You didn't know any spells.
Your spell library was empty.

Inventory:

Hand Weapons
 Y - a +1 trident (weapon)
Missiles
 o - 16 boomerangs (quivered)
 r - 8 silver boomerangs
Armour
 c - a +0 kite shield (worn)
 h - a +1 pair of gloves (worn)
 j - a +0 helmet (worn)
 s - a +0 chain mail (worn)
Jewellery
 n - a ring of protection from cold (left hand)
 t - a ring of protection from magic (right hand)
Wands
 m - a wand of iceblast (7)
Scrolls
 b - a scroll of identify
 k - 4 scrolls of teleportation
 l - 2 scrolls of remove curse
 u - a scroll of blinking
Potions
 a - a potion of haste
 d - a potion of might
 g - 3 potions of curing
 i - a potion of invisibility {unknown}
 p - a potion of magic {unknown}
 q - a potion of lignification {unknown}
 v - a potion of brilliance {unknown}
Comestibles
 e - 2 rations

Dungeon Overview and Level Annotations

Branches:
Dungeon (6/15)             Temple (1/1) D:6

Altars:
Gozag
Makhleb
Okawaru
Qazlal

Annotations:
D:3 2 transporters, gbos's ghost, amateur TrMo


Message History

The steam dragon is heavily wounded.
You are engulfed in a cloud of scalding steam.
The steam dragon bites you.
The steam dragon claws you but does no damage.
The steam dragon bites you. The steam dragon completely misses you.
You hit the steam dragon.
The steam dragon is heavily wounded.
You are engulfed in a cloud of scalding steam.
The fungus is engulfed in a cloud of scalding steam.
The fungus is destroyed!
The steam dragon bites you but does no damage.
The steam dragon claws you but does no damage.
You block the steam dragon's attack. x2
5226 ||| READING 5 scrolls of teleportation.
As you read the scroll of teleportation, it crumbles to dust.
You feel strangely unstable.
You are engulfed in a cloud of scalding steam.
The steam dragon breathes steam at you. The ball of steam hits you!
You die...

### ..# ..# #.# #### ~~
.~.######## .P^.
..~.~P~.~P#########P....
...(......~P~.~.@D.P....
.~PPPP~.P........D......
.~~~PP#######~~PP~~.....
.P..### #######^~~.~
##### ##~~# # ##


You could see 2 steam dragons.

Vanquished Creatures
  Sigmund (D:3)
  An ice beast (D:5)
  A phantom (D:6)
  A bullfrog (D:5)
  An orc priest (D:4)
  2 hounds (D:4)
  A worker ant (D:6)
  11 adders
  A shadow imp (D:5)
  An ooze (D:2)
  4 worms
  6 dart slugs
  5 leopard geckos
  7 orcs
  A ball python (D:1)
  8 giant cockroaches
  4 goblins
  11 hobgoblins
  4 jackals (D:2)
  2 quokkas
  5 bats
  4 frilled lizards
  A giant cockroach zombie (D:5)
  A jackal skeleton (D:5)
  8 kobolds
  5 rats
97 creatures vanquished.

Vanquished Creatures (others)
  A fungus (D:6)
1 creature vanquished.

Grand Total: 98 creatures vanquished

Notes
Turn   | Place    | Note
-------+----------+-------------------------------------------
     0 | D:1      | gbos the Naga Fighter began the quest for the Orb.
     0 | D:1      | Reached XP level 1. HP: 21/21 MP: 1/1
     0 | D:1      | 0 ||| counter = 163
    39 | D:1      | 39 ||| INVOKING Spit Poison.
    59 | D:1      | 59 ||| INVOKING Spit Poison.
    60 | D:1      | 60 ||| INVOKING Spit Poison.
   107 | D:1      | 107 ||| INVOKING Spit Poison.
   113 | D:1      | 113 ||| INVOKING Spit Poison.
   177 | D:1      | Reached XP level 2. HP: 28/28 MP: 2/2
   228 | D:1      | 228 ||| INVOKING Spit Poison.
   342 | D:1      | 342 ||| INVOKING Spit Poison.
   343 | D:1      | 343 ||| INVOKING Spit Poison.
   347 | D:1      | Reached skill level 3 in Polearms
   364 | D:1      | 364 ||| INVOKING Spit Poison.
   369 | D:1      | 369 ||| INVOKING Spit Poison.
   479 | D:1      | HP: 7/28 [leopard gecko (4)]
   484 | D:1      | Reached XP level 3. HP: 9/34 MP: 3/3
   971 | D:1      | 971 ||| UPGRADING to pair of gloves.
   976 | D:1      | 976 ||| UPGRADING to helmet.
   981 | D:1      | 981 ||| READING scroll labeled RAISISHRUEPH.
   986 | D:1      | 986 ||| READING scroll labeled EMUGGI DOIDOT.
   987 | D:1      | 987 ||| DRINKING 2 fizzy white potions.
   989 | D:1      | 989 ||| DROPPING potion of stabbing.
  1020 | D:2      | 1020 ||| INVOKING Spit Poison.
  1021 | D:2      | 1021 ||| INVOKING Spit Poison.
  1022 | D:2      | 1022 ||| INVOKING Spit Poison.
  1028 | D:2      | 1028 ||| Stepping ~*~*~tactically~*~*~ (reaching).
  1029 | D:2      | 1029 ||| Stepping ~*~*~tactically~*~*~ (reaching).
  1031 | D:2      | 1031 ||| Stepping ~*~*~tactically~*~*~ (reaching).
  1032 | D:2      | 1032 ||| Stepping ~*~*~tactically~*~*~ (reaching).
  1033 | D:2      | 1033 ||| Stepping ~*~*~tactically~*~*~ (reaching).
  1035 | D:2      | 1035 ||| Stepping ~*~*~tactically~*~*~ (reaching).
  1036 | D:2      | 1036 ||| Stepping ~*~*~tactically~*~*~ (reaching).
  1037 | D:2      | 1037 ||| Stepping ~*~*~tactically~*~*~ (reaching).
  1097 | D:2      | 1097 ||| INVOKING Spit Poison.
  1105 | D:2      | 1105 ||| Stepping ~*~*~tactically~*~*~ (outnumbered).
  1119 | D:2      | 1119 ||| Stepping ~*~*~tactically~*~*~ (reaching).
  1120 | D:2      | 1120 ||| Stepping ~*~*~tactically~*~*~ (reaching).
  1121 | D:2      | 1121 ||| Stepping ~*~*~tactically~*~*~ (reaching).
  1122 | D:2      | 1122 ||| Stepping ~*~*~tactically~*~*~ (reaching).
  1130 | D:2      | 1130 ||| STAIRDANCE
  1218 | D:2      | 1218 ||| Stepping ~*~*~tactically~*~*~ (reaching).
  1219 | D:2      | 1219 ||| Stepping ~*~*~tactically~*~*~ (reaching).
  1221 | D:2      | 1221 ||| Stepping ~*~*~tactically~*~*~ (reaching).
  1222 | D:2      | 1222 ||| Stepping ~*~*~tactically~*~*~ (reaching).
  1226 | D:2      | Reached skill level 4 in Polearms
  1295 | D:2      | 1295 ||| INVOKING Spit Poison.
  1309 | D:2      | 1309 ||| INVOKING Spit Poison.
  1313 | D:2      | Reached XP level 4. HP: 40/42 MP: 4/4
  1349 | D:2      | 1349 ||| INVOKING Spit Poison.
  1350 | D:2      | 1350 ||| INVOKING Spit Poison.
  1365 | D:2      | Found a faded altar of an unknown god.
  1430 | D:2      | 1430 ||| INVOKING Spit Poison.
  1431 | D:2      | 1431 ||| INVOKING Spit Poison.
  1432 | D:2      | 1432 ||| INVOKING Spit Poison.
  1486 | D:2      | 1486 ||| INVOKING Spit Poison.
  1488 | D:2      | 1488 ||| INVOKING Spit Poison.
  1511 | D:2      | 1511 ||| INVOKING Spit Poison.
  1521 | D:2      | 1521 ||| INVOKING Spit Poison.
  1530 | D:2      | 1530 ||| INVOKING Spit Poison.
  1545 | D:2      | 1545 ||| INVOKING Spit Poison.
  1619 | D:2      | 1619 ||| INVOKING Spit Poison.
  1673 | D:2      | 1673 ||| INVOKING Spit Poison.
  1678 | D:2      | 1678 ||| INVOKING Spit Poison.
  1692 | D:2      | 1692 ||| INVOKING Spit Poison.
  1720 | D:2      | 1720 ||| INVOKING Spit Poison.
  1725 | D:2      | 1725 ||| INVOKING Spit Poison.
  1792 | D:2      | 1792 ||| READING scroll labeled JOESEE DIEZAGI.
  1793 | D:2      | 1793 ||| READING scroll labeled YSYF KOQ ZOB.
  1794 | D:2      | 1794 ||| READING scroll labeled MOWNEO OCLIWU.
  1795 | D:2      | 1795 ||| DRINKING 2 blue potions.
  1831 | D:3      | 1831 ||| INVOKING Spit Poison.
  1836 | D:3      | 1836 ||| Stepping ~*~*~tactically~*~*~ (reaching).
  1837 | D:3      | 1837 ||| Stepping ~*~*~tactically~*~*~ (reaching).
  1838 | D:3      | 1838 ||| Stepping ~*~*~tactically~*~*~ (reaching).
  1839 | D:3      | 1839 ||| Stepping ~*~*~tactically~*~*~ (reaching).
  1840 | D:3      | 1840 ||| Stepping ~*~*~tactically~*~*~ (reaching).
  1842 | D:3      | 1842 ||| Stepping ~*~*~tactically~*~*~ (reaching).
  1843 | D:3      | 1843 ||| Stepping ~*~*~tactically~*~*~ (reaching).
  1844 | D:3      | 1844 ||| Stepping ~*~*~tactically~*~*~ (reaching).
  1845 | D:3      | Reached skill level 5 in Polearms
  1846 | D:3      | Reached XP level 5. HP: 49/49 MP: 5/5
  1872 | D:3      | 1872 ||| INVOKING Spit Poison.
  1900 | D:3      | Noticed Sigmund
  1921 | D:3      | Killed Sigmund
  1921 | D:3      | Reached skill level 6 in Polearms
  1921 | D:3      | Reached XP level 6. HP: 29/56 MP: 6/6
  2120 | D:3      | 2120 ||| INVOKING Spit Poison.
  2121 | D:3      | 2121 ||| INVOKING Spit Poison.
  2230 | D:3      | 2230 ||| INVOKING Spit Poison.
  2231 | D:3      | 2231 ||| INVOKING Spit Poison.
  2234 | D:3      | 2234 ||| INVOKING Spit Poison.
  2280 | D:3      | 2280 ||| INVOKING Spit Poison.
  2374 | D:3      | Noticed gbos's ghost (amateur TrMo)
  2377 | D:3      | Found a transporter.
  2385 | D:3      | Found a transporter.
  2419 | D:3      | Reached skill level 1 in Dodging
  2472 | D:3      | 2472 ||| INVOKING Spit Poison.
  2473 | D:3      | 2473 ||| INVOKING Spit Poison.
  2569 | D:3      | 2569 ||| INVOKING Spit Poison.
  2651 | D:3      | 2651 ||| INVOKING Spit Poison.
  2795 | D:3      | 2795 ||| READING 2 scrolls labeled MYHIEMP HUIL.
  2796 | D:3      | 2796 ||| READING 2 scrolls labeled JEMMOOQ JEYMNO.
  2797 | D:3      | 2797 ||| READING scroll of enchant armour.
  2797 | D:3      | 2797 ||| ENCHANTING +0 pair of gloves.
  2798 | D:3      | 2798 ||| READING scroll labeled FIUSHRIRPHUOD.
  2847 | D:4      | 2847 ||| INVOKING Spit Poison.
  2879 | D:4      | 2879 ||| INVOKING Spit Poison.
  3035 | D:4      | Found an iron altar of Okawaru.
  3205 | D:4      | 3205 ||| EATING 3 rations.
  3207 | D:4      | Found a burning altar of Makhleb.
  3209 | D:4      | Reached skill level 7 in Polearms
  3308 | D:4      | 3308 ||| INVOKING Spit Poison.
  3323 | D:4      | Reached XP level 7. HP: 39/62 MP: 7/7
  3659 | D:4      | 3659 ||| UPGRADING to +0 chain mail.
  3669 | D:4      | 3669 ||| DROPPING +0 scale mail.
  3670 | D:4      | 3670 ||| UPGRADING to opal ring.
  3671 | D:4      | 3671 ||| REMOVING ring of stealth.
  3672 | D:4      | 3672 ||| DROPPING ring of stealth.
  3673 | D:4      | 3673 ||| UPGRADING to large copper ring.
  3674 | D:4      | 3674 ||| UPGRADING to small ruby ring.
  3675 | D:4      | 3675 ||| READING scroll labeled AMOM PEVYCET.
  3676 | D:4      | 3676 ||| DRINKING 2 fuming inky potions.
  3677 | D:4      | 3677 ||| DROPPING potion of degeneration.
  3696 | D:5      | Entered Level 5 of the Dungeon
  3702 | D:5      | 3702 ||| INVOKING Spit Poison.
  3703 | D:5      | 3703 ||| INVOKING Spit Poison.
  3953 | D:5      | 3953 ||| INVOKING Spit Poison.
  3959 | D:5      | 3959 ||| INVOKING Spit Poison.
  3997 | D:5      | 3997 ||| INVOKING Spit Poison.
  4686 | D:5      | 4686 ||| EATING 3 rations.
  4716 | D:5      | 4716 ||| READING 3 scrolls of identify.
  4716 | D:5      | 4716 ||| IDENTIFYING dark potion
  4717 | D:5      | 4717 ||| READING 2 scrolls of identify.
  4717 | D:5      | 4717 ||| IDENTIFYING black potion
  4718 | D:5      | 4718 ||| DROPPING potion of flight.
  4757 | D:6      | Found a staircase to the Ecumenical Temple.
  4758 | D:6      | 4758 ||| INVOKING Spit Poison.
  4759 | D:6      | 4759 ||| INVOKING Spit Poison.
  4761 | D:6      | 4761 ||| STAIRDANCE
  4764 | D:5      | Reached skill level 8 in Polearms
  4777 | D:6      | 4777 ||| INVOKING Spit Poison.
  4785 | Temple   | Entered the Ecumenical Temple
  4786 | Temple   | 4786 ||| Entered T.
  4898 | D:6      | 4898 ||| STAIRDANCE
  5049 | D:4      | Became a worshipper of Makhleb the Destroyer
  5217 | D:6      | Noticed a steam dragon
  5218 | D:6      | Noticed a steam dragon
  5219 | D:6      | 5219 ||| Stepping ~*~*~tactically~*~*~ (cloud).
  5225 | D:6      | HP: 15/63 [steam dragon] (1)]
  5226 | D:6      | 5226 ||| READING 5 scrolls of teleportation.
  5226 | D:6      | Killed from afar by a steam dragon

Levels and vault maps discovered:
D:1:      giann_forest_graveyard, layout_basic, minmay_pentomino_u2
D:2:      layout_rooms, chequers_ecumenical_altar_simple_redux
D:3:      layout_loops_ring, gammafunk_ghost_arena, uniq_sigmund
D:4:      layout_basic, okawaru_ov_weapons_minmay, grunt_ministairs_13,
          solitary_fountain, makhleb_blood_cavern_becter
D:5:      layout_layer_cave, first_ration, guppyfry_early_lair_pool
D:6:      kennysheep_steamy, layout_gridville, temple_statues,
          chequers_serial_rivers_small_a
Temple:   minmay_crystal_snake_temple

Skill      XL: |  1  2  3  4  5  6  7 |
---------------+----------------------+-----
Polearms       | 3 4 5 6 7 8 |  8.0
Dodging        | 1 |  1.0
Fighting       | |  3.9
Armour         | |  2.4
Shields        | |  2.4

Action                   |  1- 3 |  4- 6 |  7- 9 || total
-------------------------+-------+-------+-------++-------
Melee: Trident           |   106 |   146 |   110 ||   362
Throw: Boomerang         |       |    12 |    22 ||    34
 Abil: Spit Poison       |    12 |    25 |     6 ||    43
  Use: Scroll            |     2 |     7 |     4 ||    13
       Potion            |     1 |     1 |     1 ||     3
  Eat: Chunk             |     1 |     6 |     1 ||     8
       Ration            |       |     1 |     1 ||     2
Armor: Scale mail        |    35 |    48 |     4 ||    87
       Chain mail        |       |       |    42 ||    42
Dodge: Dodged            |    14 |    21 |    11 ||    46
Block: Kite shield       |    40 |    40 |    30 ||   110

Table legend:
 A = Non-vault XP
 B = Vault XP
 C = Vault XP percentage of total XP
 D = Non-vault monster count
 E = Vault monster count
 F = Vault count percentage of total count
                 A         B        C        D         E       F
            +---------+---------+-------+---------+---------+-------
      Total |     767 |     300 |  28.1 |      92 |       5 |   5.2
            +---------+---------+-------+---------+---------+-------
        D:1 |      37 |       3 |   7.5 |      20 |       2 |   9.1
        D:2 |     105 |       0 |   0.0 |      24 |       0 |   0.0
        D:3 |     109 |     242 |  68.9 |      29 |       1 |   3.3
        D:4 |     103 |      42 |  29.0 |       8 |       1 |  11.1
        D:5 |     260 |      13 |   4.8 |       9 |       1 |  10.0
        D:6 |     153 |       0 |   0.0 |       2 |       0 |   0.0
            +---------+---------+-------+---------+---------+-------
